 Dungeon Crawl Stone Soup version 0.30-a0-824-g6c64550be9 (webtiles) character file.

Game seed: 11841560249828396362

55 Ghostmaker01 the Vexing (level 3, -1/28 HPs)
             Began as a Gnoll Hexslinger on Feb 27, 2023.
             Slain by Sigmund
             ... wielding a +0 scythe
              (11 damage)
             ... on level 2 of the Dungeon.
             The game lasted 00:06:19 (1688 turns).

Ghostmaker01 the Vexing (Gnoll Hexslinger)          Turns: 1688, Time: 00:06:20

Health: -1/28      AC:  3    Str:  9    XL:     3   Next: 93%
Magic:  6/7        EV: 13    Int: 12    God:
Gold:   53         SH:  0    Dex: 14    Spells: 6/7 levels left

rFire   . . .      SeeInvis .    a - +1 sling
rCold   . . .      Faith    .    (no shield)
rNeg    . . .      Spirit   .    c - +0 robe
rPois   .          Reflect  .    (no helmet)
rElec   .          Harm     .    q - +0 cloak
rCorr   .          Rampage  .    (no gloves)
Will    .....                    (no boots)
Stlth   ++                       (no amulet)
HPRegen 0.24/turn                (no ring)
MPRegen 0.10/turn                (no ring)

@: no status effects
A: fangs 1, strong nose, distributed training
a: no special abilities


You were on level 2 of the Dungeon.
You visited 1 branch of the dungeon, and saw 2 of its levels.

You collected 53 gold pieces.

Inventory:

Hand Weapons
 a - a +1 sling (weapon)
Missiles
 e - 4 javelins
Armour
 c - a +0 robe (worn)
 q - a +0 cloak (worn)
Wands
 m - a wand of paralysis (7)
 p - a wand of iceblast (13)
Scrolls
 b - a scroll of poison
 d - 2 scrolls of identify {unknown}
 g - a scroll of brand weapon {unknown}
 h - a scroll of blinking {unknown}
 j - a scroll of amnesia {unknown}
 k - a scroll of vulnerability {unknown}
 n - a scroll of noise {unknown}
 o - 3 scrolls of fog {unknown}
Potions
 f - 2 potions of invisibility {unknown}
 i - a potion of flight {unknown}
 l - 3 potions of curing {unknown}


   Skills:
 + Level 2.7 Fighting
 + Level 1.0 Short Blades
 + Level 1.0 Long Blades
 + Level 1.0 Axes
 + Level 1.0 Maces & Flails
 + Level 1.0 Polearms
 + Level 1.0 Staves
 + Level 4.6 Ranged Weapons
 + Level 1.0 Throwing
 + Level 1.0 Armour
 + Level 4.6 Dodging
 + Level 1.0 Stealth
 + Level 1.0 Shields
 + Level 1.0 Unarmed Combat
 + Level 2.9 Spellcasting
 + Level 0.7 Conjurations
 + Level 5.4 Hexes
 + Level 0.7 Summonings
 + Level 0.7 Necromancy
 + Level 0.7 Translocations
 + Level 0.7 Transmutations
 + Level 0.7 Fire Magic
 + Level 0.7 Ice Magic
 + Level 0.7 Air Magic
 + Level 0.7 Earth Magic
 + Level 0.7 Poison Magic
 + Level 1.1 Invocations
 + Level 1.0 Evocations


You had 6 spell levels left.
You knew the following spells:

 Your Spells              Type           Power      Damage    Failure   Level
a - Slow                  Hex            56%        N/A       2%          1

Your spell library contained the following spells:

 Spells                   Type           Power      Damage    Failure   Level
 Confusing Touch          Hex            14%        N/A       8%          3
 Kiss of Death            Conj/Necr      12%        2d6       19%         1
 Inner Flame              Hex/Fire       9%         N/A       21%         3
 Portal Projectile        Hex/Tloc       18%        N/A       21%         3
 Cause Fear               Hex            7%         N/A       26%         4
 Dispel Undead            Necr           3%         3d7       88%         4
 Flame Wave               Conj/Fire      3%         2d5       88%         4
 Sticky Flame             Conj/Fire      3%         2d3       88%         4


Dungeon Overview and Level Annotations

Branches:
Dungeon (2/15)

Altars:

Shops:
D:1 =

Annotations:
D:2 Sigmund


Innate Abilities, Weirdness & Mutations

You have very sharp teeth.
Your uncanny sense of smell can sniff out nearby items.
Your experience applies equally to all skills.


Message History

You shoot a sling bullet.
Sigmund screams, "You will never...
NEVER!!!"
Sigmund hits you but does no damage.
Non-targeted confused fire: a) +1 sling
Press: ? - help, Q - select action, (/) - cycle Dir - look around, f - activate You shoot a sling bullet.
You feel less confused. Sigmund hits you but does no damage.
Casting: Slow (safe; 2% risk of failure)
Confirm with . or Enter, or press ? or * to list all spells.
Aiming: Slow (safe; 2% risk of failure)
Press: ? - help, Shift-Dir - straight line, f - Sigmund
Aim: Sigmund, wielding a +0 scythe and wearing a +0 robe (lightly wounded, chance to affect: 56%) Sigmund seems to slow down.
The goblin closely misses you.
Sigmund casts a spell.
Sigmund flickers and vanishes!
Deactivating autopickup; reactivate with Ctrl-A.
The goblin closely misses you.
Casting: Slow (safe; 2% risk of failure)
Confirm with . or Enter, or press ? or * to list all spells.
Aiming: Slow (safe; 2% risk of failure)
Press: ? - help, Shift-Dir - straight line, f - goblin
Aim: a goblin, wielding a +0 club (chance to affect: 65%)
The goblin seems to slow down.
The goblin hits you but does no damage. The goblin hits you with a +0 club.
Something hits you.
You see here a bat corpse.
Fire: a) +1 sling
Press: ? - help, Q - select action, (/) - cycle Shift-Dir - straight line, f/p - goblin
Aim: a goblin, wielding a +0 club (slow, 53% to hit)
You shoot a sling bullet.
The sling bullet hits the goblin but does no damage.
The goblin hits you with a +0 club.
Fire: a) +1 sling
Press: ? - help, Q - select action, (/) - cycle Shift-Dir - straight line, f/p - goblin
Aim: a goblin, wielding a +0 club (slow, 53% to hit)
You shoot a sling bullet.
The sling bullet closely misses the goblin.
Something hits you!
You die...

.............##........##....
.............##........##....
.............##........######
.............+.........# #
...>.......#####'##########
#$..#.....+...............
#...##....#####.#####.....
#....#...†#####.# #.#...
#.....r#.@......# #.#.##
.......##.#g########## #.#.#
....... #...## ##....###.#.#
......! ###..###......##.#.#
##+##+# #..##..[....†..#.#
#..##........#.#.##
#..##........#.....
#..##........###.##
#..###......####'##


You could see a goblin (slow).

Vanquished Creatures
  A worm (D:2)
  A dart slug (D:2)
  A ball python (D:2)
  3 bats
  5 endoplasms
  11 giant cockroaches
  5 goblins
  4 hobgoblins
  A kobold (D:1)
  3 quokkas (D:1)
  2 frilled lizards (D:1)
  3 rats
40 creatures vanquished.

Notes
Turn   | Place    | Note
-------+----------+-------------------------------------------
     0 | D:1      | Ghostmaker01 the Gnoll Hexslinger began the quest for the
                  | Orb.
     0 | D:1      | Reached XP level 1. HP: 17/17 MP: 4/4
   180 | D:1      | Found Fykybit's Jewellery Shoppe.
   223 | D:1      | Reached XP level 2. HP: 23/23 MP: 5/5
   983 | D:2      | Reached XP level 3. HP: 28/28 MP: 5/7
  1296 | D:2      | Reached skill level 1 in Invocations
  1530 | D:2      | Reached skill level 1 in Short Blades
  1530 | D:2      | Reached skill level 1 in Long Blades
  1530 | D:2      | Reached skill level 1 in Axes
  1530 | D:2      | Reached skill level 1 in Maces & Flails
  1530 | D:2      | Reached skill level 1 in Polearms
  1530 | D:2      | Reached skill level 1 in Staves
  1530 | D:2      | Reached skill level 1 in Throwing
  1530 | D:2      | Reached skill level 1 in Armour
  1530 | D:2      | Reached skill level 1 in Stealth
  1530 | D:2      | Reached skill level 1 in Shields
  1530 | D:2      | Reached skill level 1 in Unarmed Combat
  1530 | D:2      | Reached skill level 1 in Evocations
  1667 | D:2      | Noticed Sigmund
  1688 | D:2      | Slain by Sigmund

Illustrated notes

Levels and vault maps discovered:
D:1:      dpeg_cavernosity, layout_basic, serial_shops, shop, fountainhead,
          due_unseen_surprise
D:2:      minmay_roachtagon, layout_basic, uniq_sigmund

Skill      XL: |  1  2  3 |
---------------+----------+-----
Invocations    | 1 |  1.1
Short Blades   | 1 |  1.0
Long Blades    | 1 |  1.0
Axes           | 1 |  1.0
Maces & Flails | 1 |  1.0
Polearms       | 1 |  1.0
Staves         | 1 |  1.0
Throwing       | 1 |  1.0
Armour         | 1 |  1.0
Stealth        | 1 |  1.0
Shields        | 1 |  1.0
Unarmed Combat | 1 |  1.0
Evocations     | 1 |  1.0
Fighting       | |  2.7
Ranged Weapons | |  4.6
Dodging        | |  4.6
Spellcasting   | |  2.9
Conjurations   | |  0.7
Hexes          | |  5.4
Summonings     | |  0.7
Necromancy     | |  0.7
Translocations | |  0.7
Transmutations | |  0.7
Fire Magic     | |  0.7
Ice Magic      | |  0.7
Air Magic      | |  0.7
Earth Magic    | |  0.7
Poison Magic   | |  0.7

Action                     || total
---------------------------++-------
   Fire: Sling             ||   140
   Cast: Slow              ||    33
 Armour: Robe              ||    18
  Dodge: Dodged            ||    58

Table legend: (Time is in decaauts)
 A = Elapsed time spent in this place.
 B = Non-inter-level travel time spent in this place.
 C = Inter-level travel time spent in this place.
 D = Time resting spent in this place.
 E = Time spent auto-exploring this place.
 F = Levels seen in this place.
 G = Mean time per level.
                   A        B        C        D        E       F      G
               +--------+--------+--------+--------+--------+-----+--------+
         Total |   1714 |   1500 |    214 |      0 |   1185 |   2 |  857.0 |
       Dungeon |   1714 |   1500 |    214 |      0 |   1185 |   2 |  857.0 |
               +--------+--------+--------+--------+--------+-----+--------+

Top non-repeatable levels by time:
     D:1: 942 daAuts
     D:2: 772 daAuts
